 Dungeon Crawl Stone Soup version 0.30.1 (webtiles) character file.

Game seed: 15433610593974129843

149 Fodor the Covered (level 5, -3/46 HPs)
             Began as a Minotaur Fighter on July 8, 2023.
             Killed from afar by an orc wizard (5 damage)
             ... with a magic dart
             ... on level 3 of the Dungeon.
             The game lasted 00:10:35 (1743 turns).

Fodor the Covered (Minotaur Fighter)                Turns: 1743, Time: 00:10:36

Health: -3/46      AC: 13    Str: 20    XL:     5   Next: 9%
Magic:  4/4        EV:  8    Int:  7    God:
Gold:   154        SH:  0    Dex: 10    Spells: 4/4 levels left

rFire   + . .        j - +1 battleaxe
rCold   + . .        (shield currently unavailable)
rNeg    . . .        q - +0 chain mail
rPois   .            (helmet restricted)
rElec   .            b - scarf {rC+ rF+}
rCorr   .            (no gloves)
SInv    .            (no boots)
Will    .....        (no amulet) Stlth
                     f - +4 ring of protection
HPRegen 0.27/turn    (no ring)
MPRegen 0.09/turn

%: no passive effects
@: confused
A: horns 2, retaliatory headbutt
a: no special abilities


You were on level 3 of the Dungeon.
You visited 1 branch of the dungeon, and saw 3 of its levels.

You collected 154 gold pieces.

Inventory:

Hand Weapons
 a - a +0 long sword
 j - a +1 battleaxe (weapon)
Missiles
 n - 14 stones (quivered)
Armour
 b - a scarf of resistance (worn)
 c - a +0 buckler
 l - a +0 plate armour
 q - a +0 chain mail (worn)
Jewellery
 f - a +4 ring of protection (left hand)
Scrolls
 e - a scroll of magic mapping
 h - a scroll of immolation
 r - a scroll of torment
Potions
 d - 2 potions of might
 g - a potion of lignification {unknown}
 i - a potion of haste {unknown}
 k - a potion of resistance {unknown}
 o - a potion of degeneration {unknown}
 p - a potion of invisibility {unknown}


   Skills:
 + Level 4.1 Fighting
 + Level 3.1 Long Blades
 + Level 3.4 Axes
 + Level 4.7 Armour
 + Level 0.5 Dodging
 + Level 0.1 Stealth
 + Level 4.0 Shields


You had 4 spell levels left.
You didn't know any spells.
Your spell library contained the following spells:

 Spells                   Type           Power      Damage    Failure   Level
 Freeze                   Ice            0%         1d3       97%         1
 Sting                    Tmut/Pois      0%         1d3       97%         1
 Poisonous Vapours        Pois/Air       0%         N/A       99%         2
 Frozen Ramparts          Ice            0%         1d1       100%        3
 Hailstorm                Conj/Ice       0%         3d3       100%        3
 Tukima's Dance           Hex            0%         N/A       100%        3
 Vhi's Electric Charge    Tloc/Air       0%         N/A       100%        3
 Olgreb's Toxic Radiance  Pois           0%         N/A       100%        4
 Passage of Golubria      Tloc           0%         N/A       100%        4
 Arcjolt                  Conj/Air       0%         1d10      100%        5
 Yara's Violent Unravell  Hex/Tmut       0%         3d3       100%        5
 Maxwell's Capacitive Co  Air            0%         ∞         100%        8


Dungeon Overview and Level Annotations

Branches:
Dungeon (3/15)

Altars:

Shops:
D:2 (


Innate Abilities, Weirdness & Mutations

You have a pair of horns on your head.
You reflexively headbutt those who attack you in melee.


Message History

You start resting.
Something hits you.
* * * LOW HITPOINT WARNING * * *
Something hits you but does no damage.
You closely miss something. Something hits you.
* * * LOW HITPOINT WARNING * * *
You hear some strange, mumbled words.
Something tries to affect you, but you resist.
You miss something. Your headbutt misses something.
You hear some strange, mumbled words.
A magic dart appears from out of thin air!
The magic dart hits you.
* * * LOW HITPOINT WARNING * * *
You barely miss something.
An orc wizard appears from thin air!
Reactivating autopickup.
The orc wizard completely misses you.
The orc wizard points at you and mumbles some strange words.
You resist with some effort.
You barely miss the orc wizard. Your headbutt misses the orc wizard.
The orc wizard is lightly wounded.
The orc wizard hits you with a +0 dagger.
* * * LOW HITPOINT WARNING * * *
You barely miss the orc wizard. You headbutt the orc wizard!
The orc wizard is severely wounded.
The orc wizard hits you but does no damage. x2
You closely miss the orc wizard.
The orc wizard is severely wounded.
The orc wizard gestures at you while chanting.
You are confused.
You're too confused to move!
The orc wizard hits you with a +0 dagger.
* * * LOW HITPOINT WARNING * * *
You barely miss the orc wizard.
The orc wizard is severely wounded.
The orc wizard hits you but does no damage.
The orc wizard points at you and mumbles some strange words.
You resist with some effort.
You're too confused to move!
The orc wizard gestures at you while chanting.
The magic dart hits you.
You die...

.8...# #.###
.....# #.#
....## #.#
#.### #.# #.#
#.# ..# ####
##########.#
### ...
.........#?#
##.#
#.....)######.#
###..##
#.@o...)).....#
.....P#
##.############
.#..P.# #.#
#...P.# #.#
....P.# #.#
#.#..#### #.#
........# #.#
..#####.# #.#
.†# #.# #.###


You could see an orc wizard.

Vanquished Creatures
  An orc priest (D:3)
  A hound skeleton (D:3)
  3 adders
  An adder skeleton (D:3)
  An adder zombie (D:3)
  A dart slug (D:3)
  2 orcs (D:3)
  A bat (D:1)
  4 endoplasms
  2 giant cockroaches
  4 goblins
  6 hobgoblins
  2 jackals (D:2)
  2 quokkas
  7 ball pythons
  A ball python zombie (D:3)
  2 frilled lizards
  4 kobolds
  A quokka skeleton (D:3)
  3 rats (D:2)
49 creatures vanquished.

Vanquished Creatures (others)
  An orc wizard (D:3)
1 creature vanquished.

Grand Total: 50 creatures vanquished

Notes
Turn   | Place    | Note
-------+----------+-------------------------------------------
     0 | D:1      | Fodor the Minotaur Fighter began the quest for the Orb.
     0 | D:1      | Reached XP level 1. HP: 19/19 MP: 0/0
   203 | D:1      | Reached XP level 2. HP: 27/27 MP: 1/1
   384 | D:1      | Found a faded altar of an unknown god.
   592 | D:2      | Found Upeboal's Weapon Shop.
   632 | D:2      | Reached XP level 3. HP: 32/33 MP: 2/2
  1276 | D:3      | Reached skill level 1 in Axes
  1518 | D:3      | Reached XP level 4. HP: 40/40 MP: 3/3
  1646 | D:3      | Identified the +0 hand axe of Tuadev {flame, Stlth+}
  1729 | D:3      | Reached XP level 5. HP: 6/46 MP: 4/4
  1735 | D:3      | HP: 2/46 [something/magic dart (3)]
  1741 | D:3      | HP: 1/46 [orc wizard/+0 dagger (1)]
  1743 | D:3      | Killed from afar by an orc wizard

Illustrated notes

Levels and vault maps discovered:
D:1:      dpeg_arrival_tiny_a, layout_rooms, basic_ecumenical_altar
D:2:      layout_basic, serial_shops, shop
D:3:      layout_loops_ring, serial_undead, serial_undead_b, serial_undead_a,
          serial_undead_b, serial_undead_a, serial_undead_d

Skill      XL: |  1  2  3  4 |
---------------+-------------+-----
Armour         | 4 |  4.7
Fighting       | 4 |  4.1
Long Blades    | 3 |  3.1
Shields        | 4 |  4.0
Axes           | 1 3 |  3.4
Dodging        | |  0.5
Stealth        | |  0.1

Action                     |  1- 3 |  4- 6 || total
---------------------------+-------+-------++-------
  Melee: Long sword        |    16 |       ||    16
         Headbutt          |     7 |     4 ||    11
         Battleaxe         |    57 |    35 ||    92
    Use: Scroll            |     5 |       ||     5
 Armour: Scale mail        |    52 |       ||    52
         Chain mail        |     3 |    49 ||    52
  Dodge: Dodged            |    50 |    17 ||    67
  Block: Buckler           |     6 |       ||     6
